 Dungeon Crawl Stone Soup version 0.28-a0-511-gcc94558de3 (webtiles) character file.

Game seed: 17483120199365024991

687 Rennog the Skirmisher (level 7, -6/61 HPs)
             Began as a Demonspawn Fighter on Sept 21, 2021.
             Mangled by Pikel (9 damage)
             ... on level 5 of the Dungeon.
             The game lasted 00:04:14 (4110 turns).

Rennog the Skirmisher (Demonspawn Fighter)          Turns: 4110, Time: 00:04:14

Health: -6/61      AC:  9    Str: 18    XL:     7   Next: 35%
Magic:  7/7        EV: 10    Int:  6    God:
Gold:   82         SH:  4    Dex: 13    Spells: 6/6 levels left

rFire   . . .      SeeInvis .   t - +4 flail "Voishaoc" {vorpal, rPois rCorr Int-3}
rCold   . . .      Faith    .   c - +0 buckler
rNeg    . . .      Spirit   .   b - +0 scale mail
rPois   +          Reflect  .   (no helmet)
rElec   .          Harm     .   j - +0 cloak
rCorr   +          Rampage  .   n - +0 pair of gloves
Will    .....                   (no boots)
Stlth   ..........              (no amulet)
HPRegen 0.20/turn               (no ring)
MPRegen 0.10/turn               (no ring)

@: mighty
A: hooves 1, rugged brown scales 1, demonic guardian 2
a: no special abilities


You were on level 5 of the Dungeon.
You visited 1 branch of the dungeon, and saw 5 of its levels.

You collected 82 gold pieces.

Inventory:

Hand Weapons
 a - a +0 rapier
 t - the +4 flail "Voishaoc" (weapon) {vorpal, rPois rCorr Int-3}
   (You found it on level 4 of the Dungeon)

   It inflicts extra damage upon your enemies.
   Int:       It affects your intelligence (-3).
   rPois:     It protects you from poison.
   rCorr:     It protects you from acid and corrosion.
Missiles
 q - a throwing net (quivered)
Armour
 b - a +0 scale mail (worn)
 c - a +0 buckler (worn)
 j - a +0 cloak (worn)
 n - a +0 pair of gloves (worn)
Jewellery
 o - an amulet of reflection
Wands
 r - a wand of iceblast (6)
Scrolls
 g - a scroll of magic mapping {unknown}
 h - 5 scrolls of enchant armour {unknown}
 k - a scroll of fear {unknown}
 l - 4 scrolls of identify {unknown}
 m - a scroll of amnesia {unknown}
 p - a scroll of teleportation {unknown}
Potions
 e - a potion of cancellation {unknown}
 f - 2 potions of curing {unknown}
 i - 2 potions of haste {unknown}
 s - a potion of ambrosia {unknown}


   Skills:
 * Level 7.3 Fighting
 - Level 1.7 Short Blades
 - Level 2.6 Armour
 + Level 4.0 Dodging
 - Level 2.6 Shields


You had 6 spell levels left.
You didn't know any spells.
Your spell library was empty.

Dungeon Overview and Level Annotations

Branches:
Dungeon (5/15)
 Temple: D:4-7

Altars:

Shops:
D:4 =

Annotations:
D:5 Pikel


Innate Abilities, Weirdness & Mutations

You have large cloven feet.
You are partially covered in rugged brown scales. (AC +1, +3% HP)
A demonic guardian rushes to your aid.


Message History

Pikel is moderately wounded.
You hear a shout!
You hit Pikel.
Pikel is moderately wounded.
Pikel hits you with a +0 whip of electrocution.
Pikel says, "It's all about the gold, really."
You block Pikel's attack.
You sock Pikel! You kick Pikel.
Pikel is severely wounded.
Pikel drinks a potion.
Pikel is healed!
You hit Pikel but do no damage.
Pikel is lightly wounded.
Pikel hits you with a +0 whip of electrocution.
Pikel hits you with a +0 whip of electrocution!
You sock Pikel!
Pikel is moderately wounded.
Pikel hits you but does no damage.
You hit Pikel.
Pikel is heavily wounded.
Pikel hits you with a +0 whip of electrocution.
You are electrocuted!!
You are too injured to fight recklessly!
You are too injured to fight recklessly!
You hit Pikel but do no damage.
Pikel is heavily wounded.
Pikel hits you with a +0 whip of electrocution. x2
You hit Pikel.
Pikel is heavily wounded.
Pikel hits you with a +0 whip of electrocution.
* * * LOW HITPOINT WARNING * * *
You are electrocuted!
* * * LOW HITPOINT WARNING * * *
You feel very mighty all of a sudden. Pikel barely misses you.
You hit Pikel.
Pikel is severely wounded.
Pikel hits you with a +0 whip of electrocution.
* * * LOW HITPOINT WARNING * * *
You are electrocuted!
You die...

###
#@#
#K#
55#
####


You could see Pikel and 2 lemures.

Vanquished Creatures
  A yak (D:3)
  A necrophage (D:3)
  A kobold brigand (D:3)
  An orc priest (D:4)
  2 hounds
  2 orc wizards (D:4)
  3 adders
  A worm (D:2)
  2 dart slugs (D:2)
  5 orcs
  7 endoplasms
  4 giant cockroaches
  7 goblins
  7 hobgoblins
  3 jackals
  5 kobolds
  2 quokkas
  7 ball pythons
  6 bats
  4 frilled lizards
  8 rats
79 creatures vanquished.

Vanquished Creatures (collateral kills)
  A black bear (D:4)
  An orc wizard (D:4)
  2 orcs (D:4)
  A hobgoblin (D:4)
  2 jackals (D:4)
7 creatures vanquished.

Vanquished Creatures (others)
  An orc wizard (D:4)
1 creature vanquished.

Grand Total: 87 creatures vanquished

Notes
Turn   | Place    | Note
-------+----------+-------------------------------------------
     0 | D:1      | Rennog the Demonspawn Fighter began the quest for the Orb.
     0 | D:1      | Reached XP level 1. HP: 18/18 MP: 1/1
   247 | D:1      | Found a faded altar of an unknown god.
   298 | D:1      | Gained mutation: You are partially covered in rugged brown
                  | scales. (AC +1, +3% HP) [demonic ancestry]
   298 | D:1      | Reached XP level 2. HP: 18/24 MP: 2/2
   921 | D:1      | Reached skill level 1 in Dodging
  1126 | D:2      | Reached skill level 4 in Fighting
  1126 | D:2      | Reached XP level 3. HP: 17/30 MP: 3/3
  1675 | D:2      | Reached XP level 4. HP: 27/39 MP: 4/4
  2246 | D:3      | Noticed a necrophage
  2285 | D:3      | Killed a necrophage
  2286 | D:3      | Reached skill level 5 in Fighting
  2286 | D:3      | Gained mutation: A weak demonic guardian rushes to your
                  | aid. [demonic ancestry]
  2286 | D:3      | Reached XP level 5. HP: 26/45 MP: 5/5
  2503 | D:3      | Gained mutation: A demonic guardian rushes to your aid.
                  | [demonic ancestry]
  2503 | D:3      | Reached XP level 6. HP: 27/53 MP: 6/6
  2906 | D:4      | Noticed a yak
  2906 | D:4      | Noticed a yak
  2906 | D:4      | Noticed a yak
  2907 | D:4      | Noticed a yak
  2971 | D:4      | Reached skill level 6 in Fighting
  3640 | D:4      | Identified the +4 flail "Voishaoc" {vorpal, rPois rCorr
                  | Int-3}
  3730 | D:3      | Killed a yak
  3731 | D:3      | Reached skill level 7 in Fighting
  3731 | D:3      | Gained mutation: You have large cloven feet. [demonic
                  | ancestry]
  3731 | D:3      | Reached XP level 7. HP: 31/61 MP: 7/7
  4061 | D:4      | Found Pyepeis's Jewellery Emporium.
  4097 | D:5      | Entered Level 5 of the Dungeon
  4099 | D:5      | Noticed Pikel
  4110 | D:5      | HP: 3/61 [Pikel (4)]
  4110 | D:5      | Mangled by Pikel

Illustrated notes

Levels and vault maps discovered:
D:1:      dpeg_arrival_boxorama, layout_basic, basic_ecumenical_altar
D:2:      layout_basic
D:3:      layout_basic
D:4:      layout_loops_corners, ebering_ghost_reflecting_pool, serial_shops,
          nicolae_shop_statue_plus
D:5:      layout_basic, minmay_temple_entry_large_hall, uniq_pikel

Skill      XL: |  1  2  3  4  5  6  7 |
---------------+----------------------+-----
Dodging        | 1 2 3 4 |  4.0
Fighting       | 4 5 7 |  7.3
Short Blades   | |  1.7
Armour         | |  2.6
Shields        | |  2.6

Action                   |  1- 3 |  4- 6 |  7- 9 || total
-------------------------+-------+-------+-------++-------
Melee: Rapier            |   104 |   190 |       ||   294
       Flail             |       |     6 |    24 ||    30
       Kick              |       |       |     3 ||     3
  Use: Potion            |       |       |     1 ||     1
Armor: Scale mail        |    67 |   101 |     3 ||   171
Dodge: Dodged            |    43 |   123 |     7 ||   173
Block: Buckler           |    30 |    52 |     4 ||    86

Table legend: (Time is in decaauts)
 A = Elapsed time spent in this place.
 B = Non-inter-level travel time spent in this place.
 C = Inter-level travel time spent in this place.
 D = Time resting spent in this place.
 E = Time spent auto-exploring this place.
 F = Levels seen in this place.
 G = Mean time per level.
                   A        B        C        D        E       F      G
               +--------+--------+--------+--------+--------+-----+--------+
         Total |   4166 |   3991 |    175 |    146 |   3093 |   5 |  833.2 |
       Dungeon |   4166 |   3991 |    175 |    146 |   3093 |   5 |  833.2 |
               +--------+--------+--------+--------+--------+-----+--------+

Top non-repeatable levels by time:
     D:4: 1075 daAuts
     D:2: 1062 daAuts
     D:1: 1061 daAuts
     D:3: 950 daAuts
     D:5: 17 daAuts
